 Dungeon Crawl Stone Soup version 0.31-a0-968-g24f9ace8b5 (webtiles) character file.

Game seed: 3423647093325875141

543 Turgor the Changeling (level 7, -9/57 HPs)
             Began as a White Draconian Shapeshifter on Oct 27, 2023.
             Mangled by an ogre
             ... wielding a +0 giant club
              (24 damage)
             ... on level 5 of the Dungeon.
             The game lasted 00:12:16 (3680 turns).

Turgor the Changeling (DrSh)                        Turns: 3680, Time: 00:12:16

Health: -9/57      AC:  6    Str: 16    XL:     7   Next: 6%
Magic:  7/7        EV: 13    Int: 11    God:
Gold:   205        SH:  5    Dex: 12    Spells: 6/6 levels left

rFire   . .          .
                       - Unarmed
rCold   + . .        (no shield)
rNeg    . . .        (body armour unavailable)
rPois   .            (helmet currently unavailable)
rElec   .            (cloak currently unavailable)
rCorr   .            (gloves currently unavailable)
SInv    .            (boots currently unavailable)
Will    .....        s - amulet of reflection
Stlth   +            (no ring)
HPRegen 0.29/turn    (no ring)
MPRegen 0.10/turn

%: reflection
@: beast-form
A: beast (slay +3), breathe frost, AC +6, unfitting armour, cold resistance 1,
cold-blooded
a: Breathe Frost, Begin Untransformation


You were on level 5 of the Dungeon.
You were a hulking beast.
You visited 1 branch of the dungeon, and saw 5 of its levels.

You collected 205 gold pieces.

Inventory:

Hand Weapons
 r - a +5 whip of flaming
Armour
 v - a +0 kite shield
Jewellery
 s - an amulet of reflection (around neck)
 u - a ring of fire
Talismans
 b - a beast talisman
 c - a flux talisman
Wands
 l - a wand of mindburst (6)
 m - a wand of light (10)
Scrolls
 a - 2 scrolls of teleportation
 d - 2 scrolls of amnesia {unknown}
 e - a scroll of enchant armour
 f - 2 scrolls of immolation
 g - 2 scrolls of enchant weapon {unknown}
 k - a scroll of fog {unknown}
 o - a scroll of vulnerability {unknown}
Potions
 h - 2 potions of brilliance
 i - 3 potions of mutation
 j - 3 potions of curing {unknown}
 n - 2 potions of invisibility {unknown}
 p - a potion of enlightenment {unknown}
 q - a potion of might {unknown}
 t - 2 potions of heal wounds {unknown}


   Skills:
 + Level 3.6 Fighting
 + Level 3.4 Dodging
 + Level 4.4 Unarmed Combat
 * Level 5.2 Shapeshifting


You had 6 spell levels left.
You didn't know any spells.
Your spell library was empty.

Dungeon Overview and Level Annotations

Branches:
Dungeon (5/15)
 Temple: D:4-7

Altars:

Annotations:
D:4 1 exclusion, Eustachio


Innate Abilities, Weirdness & Mutations

You are a hulking beast.
Your limbs bulge with bestial killing power. (Slay +3)
You can breathe waves of freezing cold which knock back foes.
Your icy white scales are hard. (AC +6)
You cannot fit into any form of body armour.
Your flesh is cold resistant. (rC+)
You are cold-blooded and may be slowed by cold attacks.


Message History

The adder bites you. The adder barely misses you.
You punch the adder!
You kill the adder!
The dart slug briefly extends its eye-stalks.
The dart slug launches a dart at you. The slug dart hits you.
A jelly comes into view.
An ogre comes into view. It is wielding a +0 giant club.
The jelly quivers.
You punch the dart slug!
You kill the dart slug!
You have reached level 7!
Your scales start taking on an icy white colour.
You learn Fire Magic much slower.
You learn Ice Magic much quicker.
You can breathe waves of freezing cold which knock back foes.
You feel resistant to cold.
You hit the jelly.
Your hands burn!
The jelly is moderately wounded.
The jelly hits you but does no damage.
You punch the jelly!
Your hands burn!
Your punch misses the jelly.
The jelly is almost dead.
You block the jelly's attack.
You hit the jelly.
You kill the jelly!
Aiming: Breathe Frost (5% risk of failure)
Press: ? - help, Shift-Dir - straight line, f - ogre
Aim: an ogre, wielding a +0 giant club (85% to hit)
You fail to use your ability.
Unknown command.
You hit the ogre.
The ogre is lightly wounded.
The ogre hits you with a +0 giant club!!
* * * LOW HITPOINT WARNING * * *
Unknown command.
You punch the ogre!
The ogre is moderately wounded.
You hit the ogre.
The ogre is heavily wounded.
The ogre hits you with a +0 giant club!!
You die...

... ##....# #.#
..######..)..## #$#
....##.....(. #.#
###..#.##.... ^. #.#
###.........##.
....###.###...####..#.##.
......†.....#.......#.##.
......#.#####.......#.#..
....#...h# #.......#.#.#
### ###.O†.##...........
###...#..#.##.#...
.#....#.. .....
....####.. .##(.. .. ...
.. #..


You could see an ogre.

Vanquished Creatures
  A black bear (D:4)
  A phantom (D:3)
  2 jellies
  A hound (D:4)
  2 sleepcaps
  An orc wizard (D:4)
  Robin (D:3)
  12 adders
  2 worms (D:2)
  3 dart slugs
  5 endoplasms
  17 goblins
  10 hobgoblins
  6 kobolds
  3 quokkas
  11 ball pythons
  6 bats
  7 rats
91 creatures vanquished.

Notes
Turn   | Place    | Note
-------+----------+-------------------------------------------
     0 | D:1      | Turgor the Draconian Shapeshifter began the quest for the
                  | Orb.
     0 | D:1      | Reached XP level 1. HP: 16/16 MP: 1/1
   193 | D:1      | Reached XP level 2. HP: 20/23 MP: 2/2
   454 | D:1      | Found a faded altar of an unknown god.
   600 | D:1      | Reached XP level 3. HP: 29/29 MP: 3/3
  1125 | D:3      | Reached XP level 4. HP: 36/36 MP: 4/4
  1273 | D:3      | Reached skill level 4 in Shapeshifting
  1506 | D:3      | Reached XP level 5. HP: 42/42 MP: 5/5
  2042 | D:3      | Noticed Robin
  2192 | D:3      | Noticed a phantom
  2234 | D:3      | Killed a phantom
  2235 | D:3      | Reached XP level 6. HP: 42/50 MP: 6/6
  2447 | D:3      | Killed Robin
  2735 | D:4      | Reached skill level 5 in Shapeshifting
  3105 | D:4      | Noticed Eustachio
  3472 | D:5      | Entered Level 5 of the Dungeon
  3674 | D:5      | Your scales start taking on an icy white colour.
  3674 | D:5      | Reached XP level 7. HP: 49/57 MP: 7/7
  3674 | D:5      | Gained mutation: Your flesh is cold resistant. (rC+) [White
                  | Draconian growth]
  3680 | D:5      | Mangled by an ogre

Illustrated notes

Levels and vault maps discovered:
D:1:      dpeg_arrival_shelter, layout_loops_cross,
          hellmonk_ecumenical_altar_blasted
D:2:      layout_rooms, serial_glass, glass_columns_a, glass_columns_b,
          kennysheep_generic_room_10
D:3:      layout_basic, minmay_snake_closets, uniq_robin
D:4:      layout_basic, nicolae_hepliaklqana_hippocampus,
          kennysheep_flooded_box, st_stairs_1, uniq_eustachio
D:5:      layout_rooms, minmay_temple_entry_waves, serial_shops, shop

Skill      XL: |  1  2  3  4  5  6 |
---------------+-------------------+-----
Dodging        | 2 3 |  3.4
Fighting       | 2 3 |  3.6
Shapeshifting  | 4 5 |  5.2
Unarmed Combat | 4 |  4.4

Action                     |  1- 3 |  4- 6 |  7- 9 || total
---------------------------+-------+-------+-------++-------
  Melee: Unarmed           |   111 |   152 |     6 ||   269
         Tailslap          |    15 |    13 |       ||    28
         Punch             |     2 |     4 |       ||     6
         Whip              |       |    14 |       ||    14
  Evoke: Wand              |       |     5 |       ||     5
    Use: Scroll            |     3 |     2 |       ||     5
         Potion            |       |     1 |       ||     1
 Armour: Skin              |    53 |    77 |     3 ||   133
  Dodge: Dodged            |    59 |    69 |       ||   128
  Block: Other             |       |     8 |     1 ||     9
         Reflection        |       |     1 |       ||     1

Table legend: (Time is in decaauts)
 A = Elapsed time spent in this place.
 B = Non-inter-level travel time spent in this place.
 C = Inter-level travel time spent in this place.
 D = Time resting spent in this place.
 E = Time spent auto-exploring this place.
 F = Levels seen in this place.
 G = Mean time per level.
                   A        B        C        D        E       F      G
               +--------+--------+--------+--------+--------+-----+--------+
         Total |   3665 |   3541 |    124 |    241 |   2583 |   5 |  733.0 |
       Dungeon |   3665 |   3541 |    124 |    241 |   2583 |   5 |  733.0 |
               +--------+--------+--------+--------+--------+-----+--------+

Top non-repeatable levels by time:
     D:3: 1490 daAuts
     D:4: 927 daAuts
     D:1: 589 daAuts
     D:2: 451 daAuts
     D:5: 207 daAuts
